 Dungeon Crawl Stone Soup version 0.23.2-40-g277498a001 (webtiles) character file.

Game seed: 18012997986480229353

601 Martska the Skirmisher (level 7, 0/64 HPs)
             Began as a Hill Orc Fighter on Oct 9, 2019.
             Was a Follower of Trog.
             Slain by a gnoll
             ... wielding a +0 halberd
              (1 damage)
             ... on level 5 of the Dungeon.
             The game lasted 00:10:16 (3658 turns).

Martska the Skirmisher (Hill Orc Fighter)           Turns: 3658, Time: 00:10:17

Health: 0/64       AC:  7    Str: 20    XL:     7   Next: 41%
Magic:  7/7        EV:  7    Int:  8    God:    Trog [*.....]
Gold:   290        SH:  9    Dex: 11    Spells: 6/6 levels left

rFire    + . .     SeeInvis .   q - +3 hand axe
rCold    . . .     Gourm    .   c - +0 shield
rNeg     . . .     Faith    .   b - +0 scale mail
rPois    .         Spirit   .   (no helmet)
rElec    .         Reflect  .   (no cloak)
rCorr    .         Harm     .   (no gloves)
MR       .....                  (no boots)
Stlth    ..........             k - amulet of regeneration
HPRegen  0.60/turn              u - ring of protection from fire
MPRegen  0.10/turn              (no ring)

@: lethally poisoned (0 -> -12)
A: no striking features
a: Berserk, Renounce Religion


You were on level 5 of the Dungeon.
You worshipped Trog.
Trog was aware of your devotion.
You were not hungry.

You visited 1 branch of the dungeon, and saw 5 of its levels.

You collected 290 gold pieces.

Inventory:

Hand Weapons
 a - a +0 war axe
 q - a +3 hand axe (weapon)
Armour
 b - a +0 scale mail (worn)
 c - a +0 shield (worn)
Jewellery
 e - a +4 amulet of reflection
 j - an uncursed amulet of the acrobat
 k - an amulet of regeneration (around neck)
 u - a ring of protection from fire (left hand)
Wands
 o - a wand of disintegration (19)
 v - a wand of acid (7)
Scrolls
 g - a scroll of fog {unknown}
 h - 2 scrolls of magic mapping {unknown}
 i - 2 scrolls of teleportation
 l - 2 scrolls of remove curse {unknown}
 m - 3 scrolls of identify {unknown}
 n - 2 scrolls of immolation {unknown}
 r - a scroll of blinking {unknown}
Potions
 d - 2 potions of might
 p - a potion of mutation {unknown}
 s - a potion of haste {unknown}
 t - 3 potions of lignification {unknown}
Comestibles
 f - 10 rations


   Skills:
 * Level 6.5 Fighting
 * Level 6.3 Axes
 + Level 4.7 Armour
 + Level 4.7 Shields


You had 6 spell levels left.
You didn't know any spells.
Your spell library was empty.

Dungeon Overview and Level Annotations

Branches:
Dungeon (5/15)
 Temple: D:4-7

Altars:
Cheibriados
Elyvilon
Makhleb
Nemelex Xobeh
Trog
Vehumet
Yredelemnul


Message History

* * * LOW HITPOINT WARNING * * *
You barely miss the gnoll.
The gnoll is severely wounded.
* * * LOW HITPOINT WARNING * * *
You feel sick. You block the gnoll's attack. The gnoll barely misses you.
You hit the gnoll but do no damage.
The gnoll is severely wounded.
* * * LOW HITPOINT WARNING * * *
You feel sick. The gnoll hits you but does no damage.
You are more poisoned.
The gnoll closely misses you.
You slash the gnoll!
You kill the gnoll!
Trog accepts your kill.
* * * LOW HITPOINT WARNING * * *
You feel very sick. You block the gnoll's attack.
* * * LOW HITPOINT WARNING * * *
You feel sick. The gnoll hits you with a +0 halberd.
You die...

. ...
#######.....
#<.)@g......
##########.#


You could see a gnoll.

Vanquished Creatures
  An ogre (D:4)
  A scorpion (D:4)
  A jelly (D:5)
  2 orc priests (D:3)
  Ijyb (D:3)
  Natasha (twice) (D:3)
  An iguana (D:5)
  A worker ant (D:4)
  A hound skeleton (D:4)
  7 gnolls
  4 adders
  3 worms
  3 dart slugs
  5 leopard geckos
  9 orcs
  8 bats
  9 giant cockroaches
  11 goblins
  6 hobgoblins
  15 jackals
  3 quokkas
  2 ball pythons
  7 frilled lizards
  6 kobolds
  A quokka skeleton (D:3)
  8 rats
  A spectral orc (D:4)
119 creatures vanquished.

Notes
Turn   | Place    | Note
-------+----------+-------------------------------------------
     0 | D:1      | Martska the Hill Orc Fighter began the quest for the Orb.
     0 | D:1      | Reached XP level 1. HP: 19/19 MP: 1/1
   114 | D:1      | Reached XP level 2. HP: 27/27 MP: 2/2
   238 | D:1      | You fall through a shaft!
   288 | D:2      | Found a white marble altar of Elyvilon.
   435 | D:1      | Reached XP level 3. HP: 25/33 MP: 3/3
  1523 | D:3      | Reached XP level 4. HP: 41/41 MP: 4/4
  1646 | D:3      | Noticed Natasha
  1850 | D:3      | Noticed Ijyb
  1873 | D:3      | Killed Ijyb
  2111 | D:3      | Killed Natasha
  2111 | D:3      | Reached skill level 5 in Fighting
  2111 | D:3      | Reached XP level 5. HP: 44/48 MP: 5/5
  2161 | D:3      | Found a bloodstained altar of Trog.
  2180 | D:3      | Became a worshipper of Trog the Wrathful
  2331 | D:3      | Reached XP level 6. HP: 51/56 MP: 6/6
  2410 | D:3      | Reached skill level 5 in Axes
  2419 | D:3      | Noticed Natasha
  2428 | D:3      | Killed Natasha
  2656 | D:4      | Reached * piety under Trog
  2878 | D:4      | Reached XP level 7. HP: 62/63 MP: 7/7
  2885 | D:4      | Found a bloodstained altar of Trog.
  3198 | D:4      | Found a sparkling altar of Nemelex Xobeh.
  3203 | D:4      | Found a burning altar of Makhleb.
  3275 | D:4      | Found a radiant altar of Vehumet.
  3434 | D:4      | Found a snail-covered altar of Cheibriados.
  3543 | D:4      | Found a basalt altar of Yredelemnul.
  3626 | D:5      | Entered Level 5 of the Dungeon
  3657 | D:5      | HP: 3/64 [poisoned by a gnoll]
  3658 | D:5      | HP: 1/64 [poisoned by a gnoll]
  3658 | D:5      | Slain by a gnoll

Skill      XL: |  1  2  3  4  5  6  7 |
---------------+----------------------+-----
Axes           | 3 4 5 6 |  6.3
Fighting       | 4 5 6 |  6.5
Shields        | 4 |  4.7
Armour         | 4 |  4.7

Action                   |  1- 3 |  4- 6 |  7- 9 || total
-------------------------+-------+-------+-------++-------
Melee: War axe           |   112 |    85 |       ||   197
       Hand axe          |       |   114 |    82 ||   196
  Use: Scroll            |     1 |     1 |       ||     2
  Eat: Ration            |     1 |     1 |     1 ||     3
       Chunk             |       |     2 |       ||     2
Armor: Scale mail        |    65 |    73 |    27 ||   165
Dodge: Dodged            |    39 |    54 |    19 ||   112
Block: Shield            |   116 |   122 |    35 ||   273
